 Dungeon Crawl Stone Soup version 0.21.1-1-g345015f (webtiles) character file.

37 Goblin1989 the Chopper (level 3, 0/29 HPs)
             Began as a Demonspawn Monk on Feb 10, 2018.
             Killed from afar by an orc wizard (7 damage)
             ... with a magic dart
             ... on level 1 of the Dungeon.
             The game lasted 00:02:59 (1592 turns).

Goblin1989 the Chopper (Demonspawn Monk)            Turns: 1592, Time: 00:03:00

Health: 0/29       AC:  4    Str: 12    XL:     3   Next: 21%
Magic:  3/3        EV: 13    Int: 11    God:
Gold:   15         SH:  0    Dex: 15    Spells: 2/2 levels left

rFire    . . .     SeeInvis .   a - +0 hand axe
rCold    . . .     Gourm    .   (no shield)
rNeg     . . .     Faith    .   b - +0 robe
rPois    .         Spirit   .   (no helmet)
rElec    .         Reflect  .   (no cloak)
rCorr    .         Harm     .   (no gloves)
MR       .....                  (no boots)
Stlth    +++.......             (no amulet)
HPRegen  0.09/turn              (no ring)
MPRegen  0.08/turn              (no ring)

@: no status effects
A: thin metallic scales 1, nightstalker 1
a: no special abilities


You were on level 1 of the Dungeon.
You were very hungry.

You visited 1 branch of the dungeon, and saw 2 of its levels.

You collected 15 gold pieces.

Inventory:

Hand Weapons
 a - a +0 hand axe (weapon)
Armour
 b - a +0 robe (worn)
Scrolls
 g - a scroll of noise {unknown}
 h - a scroll of identify {unknown}
 l - a scroll of fear {unknown}
Potions
 i - a potion of haste {unknown}
 j - a potion of heal wounds {unknown}
Comestibles
 e - a ration


   Skills:
 - Level 3.0 Fighting
 + Level 4.0 Axes
 - Level 2.6 Dodging
 - Level 1.7 Stealth


You had 2 spell levels left.
You didn't know any spells.

Dungeon Overview and Level Annotations

Branches:
Dungeon (2/15)

Altars:


Innate Abilities, Weirdness & Mutations

You are partially covered in thin metallic scales. (AC +2)
You are slightly more attuned to the shadows.


Message History

You are too confused!
You are too confused!
You are too confused!
You are too confused!
You are too confused!
You are too confused!
You are too confused!
You are too confused!
You are too confused!
You are too confused!
You are too confused!
You are too confused!
You are too confused!
You are too confused!
You are too confused!
You are too confused!
You are too confused!
Unknown command.
The orc priest miscasts a cantrip.
Something barely misses you.
The orc priest mumbles some strange prayers to Beogh against you.
Beogh smites you!
You take 11 damage, and have 17/29 hp.
MASSIVE DAMAGE!!
You are feeling hungry.
The orc closely misses you. Something hits you but does no damage.
You feel less confused. Something hits you but does no damage.
You see here a jackal corpse.
The orc priest mumbles some strange prayers to Beogh against you.
Pain shoots through your body!
* * * LOW HITPOINT WARNING * * *
You take 7 damage, and have 11/29 hp.
MASSIVE DAMAGE!!
Something hits you but does no damage.
Things that are here:
an uncursed dagger; an uncursed hunting sling of freezing; 18 stones You hear some strange, mumbled words.
Something tries to affect you, but you resist.
You hear some strange, mumbled words.
Something tries to affect you, but you resist.
A bat comes into view.
There is a stone staircase leading up here.
You climb upwards.
There is a stone staircase leading down here.
You start resting.
All of the chunks of flesh in your inventory have rotted away.
You are feeling very hungry.
You regained 14 hp, and now have 26/29 hp.
Unknown command.
You climb downwards.
The bat misses you. The orc wizard hits you with a dagger.
There is a stone staircase leading up, spattered with blood here.
You take 3 damage, and have 23/29 hp.
Unknown command.
Unknown command.
The orc wizard casts a spell at you.
You are confused.
In your confused state, you trip and fall back down the stairs.
The bat closely misses you.
The orc wizard gestures at you while chanting.
You are more confused.
You take 1 damage, and have 22/29 hp.
Unknown command.
The orc wizard points at you and mumbles some strange words.
You resist with significant effort. The bat barely misses you.
You climb upwards.
There is a stone staircase leading down here.
Unknown command.
You completely miss the orc wizard. The orc wizard hits you with a dagger.
You take 1 damage, and have 21/29 hp.
You bump into the rock wall.
The orc wizard hits you but does no damage.
You bump into the rock wall.
The orc wizard misses you.
You bump into the rock wall.
The orc wizard hits you but does no damage.
You hit the orc wizard.
The orc wizard is moderately wounded.
The orc wizard hits you but does no damage.
You're too confused to move!
The orc wizard mumbles some strange words.
The orc wizard flickers and vanishes!
You bump into the rock wall.
You feel less confused. Something hits you but does no damage.
You closely miss something. Something hits you.
You take 3 damage, and have 19/29 hp.
You hit something. Something hits you but does no damage.
You closely miss something. Something hits you but does no damage.
You hear some strange, mumbled words.
A puff of flame appears from out of thin air!
The puff of flame hits you!
* * * LOW HITPOINT WARNING * * *
You take 8 damage, and have 11/29 hp.
MASSIVE DAMAGE!!
You closely miss something. Something hits you.
* * * LOW HITPOINT WARNING * * *
You take 4 damage, and have 7/29 hp.
You hit something. Something hits you but does no damage.
You closely miss something.
You hear some strange, mumbled words.
A magic dart appears from out of thin air!
The magic dart hits you!
You die...

█.████ █..▲Ψ<Ψ▲..█
█..█.██ █..██Ψ██..██ █
██....████..█▲█....████
█..........█▲█....∆...
█....███..██.██...███.
█.█.██ █.██...██.██ █.
█.███ █....8....█ █.
█.███████.......██ █.
█...{@█


█████▲███ █. █████.█ █.█ ██ █.█ █.████████ █.███████.█......█ █...........████.█
████..████(...[████.█ █......█ ██....██.... █.██...████..█.██.█.█
█.██.....██.██.██.█.█ There were no monsters in sight!

Vanquished Creatures
  An adder (D:2)
  A dart slug (D:1)
  2 leopard geckos (D:1)
  3 bats (D:1)
  3 goblins
  2 hobgoblins (D:1)
  4 jackals (D:2)
  3 kobolds (D:1)
  2 frilled lizards
  A rat (D:1)
22 creatures vanquished.

Notes
Turn   | Place    | Note
-------+----------+-------------------------------------------
     0 | D:1      | Goblin1989 the Demonspawn Monk began the quest for the Orb.
     0 | D:1      | Reached XP level 1. HP: 18/18 MP: 1/1
   279 | D:1      | Reached skill level 3 in Axes
   295 | D:1      | Gained mutation: You are partially covered in thin metallic scales. (AC +2) [demonic ancestry]
   295 | D:1      | Reached XP level 2. HP: 24/24 MP: 2/2
  1070 | D:2      | Gained mutation: You are slightly more attuned to the shadows. [demonic ancestry]
  1070 | D:2      | Reached XP level 3. HP: 17/29 MP: 3/3
  1293 | D:2      | Reached skill level 4 in Axes
  1592 | D:1      | Killed from afar by an orc wizard

Skill      XL: |  1  2  3 |
---------------+----------+-----
Axes           | 3 4 |  4.0
Fighting       | |  3.0
Dodging        | |  2.6
Stealth        | |  1.7

Action                   || total
-------------------------++-------
Melee: Hand axe          ||    70
 Stab: Sleeping          ||     5
  Eat: Chunk             ||     1
Armor: Robe              ||    31
Dodge: Dodged            ||    60

Vault maps used:
D:1:      grunt_arrival_crossed_arrows
D:2:      lemuel_doored_altar
